TOP OF THE 1ST |
Great Lakes Loons batting - Pitching for Fort Wayne TinCaps : RHP Tom Ackerman
|
Pitching: RHP Tom Ackerman
|
|
Batting: RHB Ken Jenkins
|
0-0: Called Strike 0-1: Foul Ball, location: 2F 0-2: Strikes out swinging
|
Batting: RHB Alex Mejia
|
0-0: Ball 1-0: Ball 2-0: Called Strike 2-1: SINGLE (Groundball, 6D, EV 103.1 MPH)
|
Batting: LHB Antonio Luis
|
0-0: Ball Alex Mejia steals 2nd base 1-0: Called Strike 1-1: Ball 2-1: Ball 3-1: Base on Balls
|
Batting: RHB Mike Sims
|
0-0: Fly out, F7 (Flyball, 7D, EV 98.1 MPH)
|
Batting: LHB Alberto Chavez
|
0-0: SINGLE (Groundball, 4D, EV 96.9 MPH) Alex Mejia to third Antonio Luis to second Runner from 3rd tries for Home, SAFE, throw by CF to home
|
Now in CF: Nelson Trujillo
|
|
Batting: LHB Chris Barrera
|
0-0: Called Strike 0-1: Foul Ball, location: 2F 0-2: Ball 1-2: Ball 2-2: SINGLE (Groundball, 4MD, EV 103.8 MPH) Antonio Luis to third Alberto Chavez to second Runner from 3rd tries for Home, SAFE, throw by CF to home
|
Batting: RHB Ashton Crenshaw
|
0-0: Ball 1-0: Ball 2-0: Fielders Choice at 2nd, 6-4 (Groundball, 6, EV 95.0 MPH)
|
Top of the 1st over - 2 runs, 3 hits, 0 errors, 2 left on base; Great Lakes 2 - Fort Wayne 0 |
BOTTOM OF THE 1ST |
Fort Wayne TinCaps batting - Pitching for Great Lakes Loons : RHP Servaas Morrow
|
Pitching: RHP Servaas Morrow
|
|
Batting: SHB Adam Martin
|
0-0: Ball 1-0: Swinging Strike 1-1: Foul Ball, location: 2F 1-2: Foul Ball, location: 2F 1-2: Foul Ball, location: 2F 1-2: Ground out 6-3 (Groundball, 6, EV 86.2 MPH)
|
Batting: RHB Rodolfo Rivera
|
0-0: Fly out, F8 (Flyball, 78D, EV 97.5 MPH)
|
Batting: LHB James Sousa
|
0-0: Ball 1-0: Called Strike 1-1: Swinging Strike 1-2: Strikes out swinging
|
Bottom of the 1st over - 0 runs, 0 hits, 0 errors, 0 left on base; Great Lakes 2 - Fort Wayne 0 |
TOP OF THE 2ND |
Great Lakes Loons batting - Pitching for Fort Wayne TinCaps : RHP Tom Ackerman
|
Batting: RHB Phil Knox
|
0-0: Foul Ball, location: 2F 0-1: Fly out, F7 (Flyball, 7LD, EV 109.4 MPH)
|
Batting: RHB Sean Tanner
|
0-0: Foul Ball, location: 2F 0-1: Called Strike 0-2: Ball 1-2: Foul Ball, location: 2F 1-2: Foul Ball, location: 2F 1-2: Strikes out looking
|
Batting: RHB Ken Jenkins
|
0-0: Called Strike 0-1: Ball 1-1: Ball 2-1: Ball 3-1: DOUBLE (Line Drive, 9LD, EV 105.0 MPH)
|
Batting: RHB Alex Mejia
|
0-0: Ball 1-0: Ball 2-0: Called Strike 2-1: Swinging Strike 2-2: Fly out, F7 (Flyball, 7S, EV 81.9 MPH)
|
Top of the 2nd over - 0 runs, 1 hit, 0 errors, 1 left on base; Great Lakes 2 - Fort Wayne 0 |
BOTTOM OF THE 2ND |
Fort Wayne TinCaps batting - Pitching for Great Lakes Loons : RHP Servaas Morrow
|
Batting: RHB Nelson Trujillo
|
0-0: Ball 1-0: Ball 2-0: Ball 3-0: Called Strike 3-1: Fly out, F9 (Flyball, 9D, EV 88.8 MPH)
|
Batting: LHB Mike Schermerhorn
|
0-0: Ball 1-0: Foul Ball, location: 2F 1-1: Swinging Strike 1-2: Strikes out swinging
|
Batting: RHB Davey Verhoog
|
0-0: Called Strike 0-1: Ball 1-1: Foul Ball, location: 2F 1-2: Strikes out swinging
|
Bottom of the 2nd over - 0 runs, 0 hits, 0 errors, 0 left on base; Great Lakes 2 - Fort Wayne 0 |
TOP OF THE 3RD |
Great Lakes Loons batting - Pitching for Fort Wayne TinCaps : RHP Tom Ackerman
|
Batting: LHB Antonio Luis
|
0-0: Ball 1-0: Ground out U3 (Groundball, 3, EV 91.9 MPH)
|
Batting: RHB Mike Sims
|
0-0: Foul Ball, location: 2F 0-1: Ball 1-1: Foul Ball, location: 2F 1-2: Strikes out swinging, 2-3 out at first.
|
Batting: LHB Alberto Chavez
|
0-0: Called Strike 0-1: Called Strike 0-2: Ball 1-2: Ball 2-2: Ball 3-2: Ground out 4-3 (Groundball, 4, EV 101.2 MPH)
|
Top of the 3rd over - 0 runs, 0 hits, 0 errors, 0 left on base; Great Lakes 2 - Fort Wayne 0 |
BOTTOM OF THE 3RD |
Fort Wayne TinCaps batting - Pitching for Great Lakes Loons : RHP Servaas Morrow
|
Batting: LHB Angel Mejia
|
0-0: Ball 1-0: Foul Ball, location: 2F 1-1: Ball 2-1: Ball 3-1: SINGLE (Line Drive, 9S, EV 96.9 MPH)
|
Batting: SHB Josh Parker
|
0-0: Called Strike Angel Mejia steals 2nd base 0-1: Ball 1-1: Called Strike Angel Mejia steals 3rd base 1-2: Ball 2-2: Ball 3-2: Base on Balls
|
Batting: RHB Rich Justice
|
0-0: Ball 1-0: Foul Ball, location: 2F 1-1: Ball 2-1: Foul Ball, location: 2F 2-2: Ball 3-2: Base on Balls Josh Parker to second
|
Batting: SHB Adam Martin
|
0-0: Called Strike 0-1: Foul Ball, location: 2F 0-2: Foul Ball, location: 2F 0-2: Ball 1-2: Ball 2-2: Foul Ball, location: 2F 2-2: Ball 3-2: SINGLE (Groundball, 4D, EV 105.6 MPH) Angel Mejia scores Josh Parker to third Rich Justice to second Runner from 3rd tries for Home, throw by CF and OUT! 8-2
|
Batting: RHB Rodolfo Rivera
|
0-0: Ball 1-0: Ball 2-0: Ball 3-0: Base on Balls Rich Justice to third Adam Martin to second
|
Batting: LHB James Sousa
|
0-0: Called Strike 0-1: Foul Ball, location: 2F 0-2: Ball 1-2: Ball 2-2: Foul Ball, location: 2F 2-2: Ball 3-2: Foul Ball, location: 2F 3-2: Foul Ball, location: 2F 3-2: Base on Balls Rich Justice scores Adam Martin to third Rodolfo Rivera to second
|
Batting: RHB Nelson Trujillo
|
0-0: Ball 1-0: Ball 2-0: Ball 3-0: Called Strike 3-1: Called Strike 3-2: Grounds into fielders choice 5-2 (Groundball, 5L, EV 90.0 MPH) Rodolfo Rivera to third James Sousa to second
|
Batting: LHB Mike Schermerhorn
|
0-0: Ball 1-0: Called Strike 1-1: Ball 2-1: Foul Ball, location: 2F 2-2: Strikes out swinging
|
Bottom of the 3rd over - 2 runs, 2 hits, 0 errors, 3 left on base; Great Lakes 2 - Fort Wayne 2 |
TOP OF THE 4TH |
Great Lakes Loons batting - Pitching for Fort Wayne TinCaps : RHP Tom Ackerman
|
Batting: LHB Chris Barrera
|
0-0: Called Strike 0-1: SINGLE (Line Drive, 34D, EV 101.2 MPH)
|
Batting: RHB Ashton Crenshaw
|
0-0: Foul Ball, location: 2F 0-1: Foul Ball, location: 2F 0-2: Foul Ball, location: 2F 0-2: Strikes out swinging
|
Batting: RHB Phil Knox
|
0-0: Ball 1-0: Ball 2-0: SINGLE (Groundball, 56, EV 100.6 MPH) (infield hit) Chris Barrera to second
|
Batting: RHB Sean Tanner
|
0-0: Called Strike 0-1: Ball 1-1: Foul Ball, location: 2F 1-2: Ball 2-2: Strikes out swinging
|
Batting: RHB Ken Jenkins
|
0-0: Called Strike 0-1: Called Strike 0-2: Ball 1-2: Foul Ball, location: 2F 1-2: Ball 2-2: Ground out 3-1 (Groundball, 34S, EV 86.9 MPH)
|
Top of the 4th over - 0 runs, 2 hits, 0 errors, 2 left on base; Great Lakes 2 - Fort Wayne 2 |
BOTTOM OF THE 4TH |
Fort Wayne TinCaps batting - Pitching for Great Lakes Loons : RHP Servaas Morrow
|
Batting: RHB Davey Verhoog
|
0-0: Ball 1-0: Ball 2-0: Called Strike 2-1: Called Strike 2-2: Ball 3-2: Base on Balls
|
Pitching: LHP J.P. Blair
|
|
Batting: LHB Angel Mejia
|
0-0: Ground out 5-3 (Groundball, 56S, EV 68.1 MPH) Davey Verhoog to second
|
Batting: SHB Josh Parker
|
0-0: Ball 1-0: Foul Ball, location: 2F 1-1: Foul Ball, location: 2F 1-2: SINGLE (Line Drive, 34, EV 101.2 MPH) Davey Verhoog to third
|
Batting: RHB Rich Justice
|
0-0: Ball 1-0: Ball 2-0: SINGLE (Line Drive, 3L, EV 98.1 MPH) Davey Verhoog scores Josh Parker to second Runner from 2nd tries for 3rd, OUT! 9-5
|
Batting: SHB Adam Martin
|
0-0: Ball Rich Justice steals 2nd base 1-0: Called Strike 1-1: Ball 2-1: Foul Ball, location: 2F 2-2: Strikes out looking
|
Bottom of the 4th over - 1 run, 2 hits, 0 errors, 1 left on base; Great Lakes 2 - Fort Wayne 3 |
TOP OF THE 5TH |
Great Lakes Loons batting - Pitching for Fort Wayne TinCaps : RHP Tom Ackerman
|
Batting: RHB Alex Mejia
|
0-0: Ball 1-0: Ball 2-0: SINGLE (Line Drive, 34D, EV 106.9 MPH)
|
Batting: LHB Antonio Luis
|
0-0: SINGLE (Flyball, 5D, EV 91.2 MPH) Alex Mejia to second
|
Batting: RHB Mike Sims
|
0-0: Ball 1-0: Foul Ball, location: 2F 1-1: Ball 2-1: Called Strike 2-2: Ball Wild Pitch! Alex Mejia to third Antonio Luis to second 3-2: Strikes out swinging
|
Pitching: RHP Roman Baines
|
|
Batting: LHB Alberto Chavez
|
0-0: Called Strike 0-1: Swinging Strike 0-2: Ball 1-2: Strikes out swinging
|
Batting: LHB Chris Barrera
|
0-0: Called Strike 0-1: Ball 1-1: Foul Ball, location: 2F 1-2: SINGLE (Groundball, 3S, EV 69.4 MPH) (infield hit) Alex Mejia scores Antonio Luis to third
|
Batting: RHB Ashton Crenshaw
|
0-0: Ball 1-0: Called Strike 1-1: Swinging Strike 1-2: Ball 2-2: Foul Ball, location: 2F 2-2: Foul Ball, location: 2F 2-2: Strikes out swinging
|
Top of the 5th over - 1 run, 3 hits, 0 errors, 2 left on base; Great Lakes 3 - Fort Wayne 3 |
BOTTOM OF THE 5TH |
Fort Wayne TinCaps batting - Pitching for Great Lakes Loons : LHP J.P. Blair
|
Batting: RHB Rodolfo Rivera
|
0-0: Called Strike 0-1: Foul Ball, location: 2F 0-2: Ball 1-2: Ball 2-2: Ball 3-2: Base on Balls
|
Batting: LHB James Sousa
|
0-0: Foul Ball, location: 2F 0-1: Swinging Strike 0-2: Ball 1-2: SINGLE (Groundball, 34D, EV 95.6 MPH) Rodolfo Rivera to second Runner from 2nd tries for 3rd, SAFE, no throw by RF
|
Batting: RHB Nelson Trujillo
|
0-0: Ball 1-0: Ball 2-0: 3-RUN HOME RUN (Flyball, 7D, EV 96.9 MPH), Distance : 363 ft
|
Batting: LHB Mike Schermerhorn
|
0-0: Ball 1-0: Called Strike 1-1: Foul Ball, location: 2F 1-2: Strikes out swinging
|
Pitching: RHP Yuichi Nozawa
|
|
Batting: RHB Davey Verhoog
|
0-0: Ball 1-0: Foul Ball, location: 2F 1-1: Foul Ball, location: 2F 1-2: Strikes out swinging, 2-3 out at first.
|
Batting: LHB Angel Mejia
|
0-0: Called Strike 0-1: Swinging Strike 0-2: Ground out 5-3 (Groundball, 5S, EV 66.9 MPH)
|
Bottom of the 5th over - 3 runs, 2 hits, 0 errors, 0 left on base; Great Lakes 3 - Fort Wayne 6 |
TOP OF THE 6TH |
Great Lakes Loons batting - Pitching for Fort Wayne TinCaps : RHP Roman Baines
|
Batting: RHB Phil Knox
|
0-0: Swinging Strike 0-1: Swinging Strike 0-2: Ball 1-2: Foul Ball, location: 2F 1-2: Strikes out looking
|
Batting: RHB Sean Tanner
|
0-0: Called Strike 0-1: Ground out 4-3 (Groundball, 4, EV 103.8 MPH)
|
Batting: RHB Ken Jenkins
|
0-0: Fly out, F8 (Flyball, 8LXD, EV 103.1 MPH)
|
Top of the 6th over - 0 runs, 0 hits, 0 errors, 0 left on base; Great Lakes 3 - Fort Wayne 6 |
BOTTOM OF THE 6TH |
Fort Wayne TinCaps batting - Pitching for Great Lakes Loons : RHP Yuichi Nozawa
|
Batting: SHB Josh Parker
|
0-0: Swinging Strike 0-1: Swinging Strike 0-2: Ball 1-2: Ground out U3 (Groundball, 34S, EV 80.0 MPH)
|
Batting: RHB Rich Justice
|
0-0: Called Strike 0-1: Swinging Strike 0-2: Ball 1-2: Strikes out swinging
|
Batting: SHB Adam Martin
|
0-0: Ball 1-0: Swinging Strike 1-1: Foul Ball, location: 2F 1-2: Fly out, F8 (Line Drive, 8RM, EV 91.9 MPH)
|
Bottom of the 6th over - 0 runs, 0 hits, 0 errors, 0 left on base; Great Lakes 3 - Fort Wayne 6 |
TOP OF THE 7TH |
Great Lakes Loons batting - Pitching for Fort Wayne TinCaps : RHP Roman Baines
|
Pitching: RHP Andre Wiltz
|
|
Now at 3B: Brian Burd
|
|
Batting: RHB Alex Mejia
|
0-0: Ground out U3 (Groundball, 34, EV 85.6 MPH)
|
Batting: LHB Antonio Luis
|
0-0: Reached on error, E6 (Groundball, 4MD, EV 105.0 MPH)
|
Batting: RHB Mike Sims
|
0-0: Ground out 4-3 (Groundball, 4, EV 82.5 MPH) Antonio Luis to third
|
Batting: LHB Alberto Chavez
|
0-0: Ground out 4-3 (Groundball, 4D, EV 107.5 MPH)
|
Top of the 7th over - 0 runs, 0 hits, 1 error, 1 left on base; Great Lakes 3 - Fort Wayne 6 |
BOTTOM OF THE 7TH |
Fort Wayne TinCaps batting - Pitching for Great Lakes Loons : RHP Yuichi Nozawa
|
Pitching: RHP Angel Rivas
|
|
Batting: RHB Rodolfo Rivera
|
0-0: Ball 1-0: Ground out 4-3 (Groundball, 34D, EV 86.2 MPH)
|
Batting: LHB James Sousa
|
0-0: Ball 1-0: Called Strike 1-1: Ball 2-1: Called Strike 2-2: Ball 3-2: Strikes out looking
|
Batting: RHB Nelson Trujillo
|
0-0: Ball 1-0: Called Strike 1-1: Ground out 5-3 (Groundball, 56, EV 100.6 MPH)
|
Bottom of the 7th over - 0 runs, 0 hits, 0 errors, 0 left on base; Great Lakes 3 - Fort Wayne 6 |
TOP OF THE 8TH |
Great Lakes Loons batting - Pitching for Fort Wayne TinCaps : RHP Andre Wiltz
|
Batting: LHB Chris Barrera
|
0-0: Ball 1-0: Called Strike 1-1: Swinging Strike 1-2: Foul Ball, location: 2F 1-2: Foul Ball, location: 2F 1-2: SINGLE (Line Drive, 6MD, EV 97.5 MPH)
|
Batting: RHB Ashton Crenshaw
|
0-0: Fly out, F9 (Flyball, 9, EV 83.1 MPH)
|
Batting: RHB Phil Knox
|
0-0: Ball 1-0: Ball 2-0: Grounds into double play, 5-4-3 (Groundball, 56, EV 103.1 MPH)
|
Top of the 8th over - 0 runs, 1 hit, 0 errors, 0 left on base; Great Lakes 3 - Fort Wayne 6 |
BOTTOM OF THE 8TH |
Fort Wayne TinCaps batting - Pitching for Great Lakes Loons : RHP Angel Rivas
|
Batting: LHB Mike Schermerhorn
|
0-0: Called Strike 0-1: Called Strike 0-2: Ball 1-2: Ball 2-2: Strikes out swinging
|
Batting: RHB Davey Verhoog
|
0-0: Called Strike 0-1: Ball 1-1: Ground out 4-3 (Groundball, 4, EV 90.0 MPH)
|
Batting: LHB Angel Mejia
|
0-0: Called Strike 0-1: Ball 1-1: SINGLE (Line Drive, 8LS, EV 104.4 MPH)
|
Batting: SHB Josh Parker
|
0-0: Called Strike 0-1: Ball Angel Mejia steals 2nd base 1-1: Intentional Walk
|
Batting: RHB Brian Burd
|
0-0: Ball 1-0: Ball 2-0: Ground out 1-3 (Groundball, 13, EV 73.1 MPH)
|
Bottom of the 8th over - 0 runs, 1 hit, 0 errors, 2 left on base; Great Lakes 3 - Fort Wayne 6 |
TOP OF THE 9TH |
Great Lakes Loons batting - Pitching for Fort Wayne TinCaps : RHP Andre Wiltz
|
Pitching: RHP Roger Brennan
|
|
Batting: RHB Sean Tanner
|
0-0: Ball 1-0: Ball 2-0: Ball 3-0: Base on Balls
|
Batting: RHB Ken Jenkins
|
0-0: Foul Ball, location: 2F 0-1: Swinging Strike 0-2: Ball 1-2: Strikes out swinging
|
Batting: RHB Alex Mejia
|
0-0: Foul Ball, location: 2F 0-1: Ball 1-1: SINGLE (Line Drive, 4M, EV 102.5 MPH) Sean Tanner to second
|
Batting: LHB Antonio Luis
|
0-0: Called Strike 0-1: Foul Ball, location: 2F 0-2: Foul Ball, location: 2F 0-2: Ball 1-2: Strikes out swinging
|
Batting: RHB Mike Sims
|
0-0: Ball 1-0: Swinging Strike 1-1: Swinging Strike 1-2: Ball 2-2: Foul Ball, location: 2F 2-2: Foul Ball, location: 2F 2-2: Foul Ball, location: 2F 2-2: Ball 3-2: Foul Ball, location: 2F 3-2: Foul Ball, location: 2F 3-2: Fly out, F5 (Popup, 5SF, EV 68.1 MPH)
|
Top of the 9th over - 0 runs, 1 hit, 0 errors, 2 left on base; Great Lakes 3 - Fort Wayne 6 |
|